[Event "Titled Tuesday Blitz April 11 Early 2023"]
[White "Souleidis, Georgios"]
[Black "Vakhlamov, Igor L."]
[WhiteFideId "4206827"]
[BlackFideId "24126748"]
[WhiteElo "2401"]
[BlackElo "2400"]
[Result "1/2-1/2"]
[Round "09"]
[TimeControl "180+2"]
[Date "2023.04.11"]
[WhiteClock "0:00:07"]
[BlackClock "0:00:09"]

1. e4 c5 2. Be2 e6 3. d3 d5 4. f4 Nc6 5. Nf3 Bd6 6. O-O Nge7 7. c3 f6 8. g3 O-O 9. a3 Qc7 10. Be3 b6 11. b4 Bb7 12. Nbd2 Rad8 13. Qb3 Kh8 14. Rac1 a6 15. Qb2 Na7 16. Rfe1 b5 17. e5 fxe5 18. fxe5 Bxe5 19. Nxe5 Qxe5 20. Bxc5 Nac8 21. Bg4 Qg5 22. Bxe6 Rf6 23. Bxc8 Nxc8 24. Bd4 Rf7 25. Rf1 Rdf8 26. Rxf7 Rxf7 27. Rf1 Nd6 28. Rxf7 Nxf7 29. Nf3 Qf5 30. Qe2 h6 31. Kg2 Qd7 32. Qe3 Kh7 33. Qf4 Bc8 34. Kg1 Qe6 35. Kf2 Qg6 36. Qe3 Bg4 37. Ne5 Qf5+ 38. Kg1 Ng5 39. Nxg4 Qxg4 40. Kg2 Qh3+ 41. Kg1 Qg4 42. Kg2 Qd1 43. h4 Qc2+ 44. Qf2 Qxf2+ 45. Kxf2 Ne6 46. Bb6 Kg6 47. Ke3 Kf5 48. Kf3 g5 49. Be3 g4+ 50. Kf2 h5 51. Ke2 Ke5 52. Kd2 Kd6 53. Bf2 Ng7 54. Kc2 Nf5 55. Kb3 Kc6 56. a4 Nd6 57. Bc5 Nf5 58. Bf2 Nd6 59. Be3 Nf5 60. Bf2 1/2-1/2


[Site "https://www.chess.com"]

[Event "Titled Tuesday Blitz April 11 Early 2023"]
[White "Salinas Herrera, Pablo"]
[Black "Mamedov, Edgar"]
[WhiteFideId "3407128"]
[BlackFideId "13739980"]
[WhiteElo "2546"]
[BlackElo "2330"]
[Result "0-1"]
[Round "09"]
[TimeControl "180+2"]
[Date "2023.04.11"]
[WhiteClock "0:00:06"]
[BlackClock "0:00:03"]

1. e4 c5 2. Nf3 e6 3. g3 Nc6 4. Bg2 d5 5. exd5 exd5 6. O-O Nf6 7. d4 cxd4 8. Nxd4 Be7 9. Nc3 O-O 10. h3 Nxd4 11. Qxd4 Be6 12. Re1 Qd7 13. Kh2 Rac8 14. Bf4 Bc5 15. Qd2 d4 16. Ne4 Nxe4 17. Rxe4 Bd5 18. Re2 Bxg2 19. Kxg2 Qc6+ 20. Kh2 Qb5 21. Rb1 Rfe8 22. Rxe8+ Rxe8 23. Re1 Rf8 24. Qc1 d3 25. Re5 Qb6 26. Be3 Bxe3 27. Rxe3 d2 28. Qxd2 Qxb2 29. Rb3 Qxa2 30. Rxb7 h6 31. Rc7 a5 32. Qc3 a4 33. Qc5 Qb2 34. Ra7 Qa1 35. h4 Re8 36. h5 Rf8 37. Ra6 Re8 38. Ra7 Rf8 39. Qc4 a3 40. Ra5 Qb2 41. Kg2 Qc1 42. Qb3 a2 43. Rxa2 Qd1 44. Ra5 Qd2 45. Rd5 Qc1 46. Qd3 Qa1 47. c4 Qa8 48. c5 Rd8 0-1


[Site "https://www.chess.com"]

[Event "Titled Tuesday Blitz April 11 Early 2023"]
[White "Danielyan, Vahe"]
[Black "Gharibyan, Mamikon"]
[WhiteFideId "13304828"]
[BlackFideId "13308300"]
[WhiteElo "2423"]
[BlackElo "2445"]
[Result "0-1"]
[Round "09"]
[TimeControl "180+2"]
[Date "2023.04.11"]
[WhiteClock "0:00:02"]
[BlackClock "0:00:10"]

1. d4 d5 2. c4 e6 3. Nc3 Nf6 4. Nf3 a6 5. cxd5 exd5 6. Bg5 Be6 7. e3 Nbd7 8. Bd3 c6 9. Qc2 Bd6 10. O-O-O Qc7 11. Kb1 h6 12. Bh4 a5 13. Rc1 Rc8 14. Bg3 Bxg3 15. hxg3 Qd6 16. Rh4 Ke7 17. Re1 Rhd8 18. e4 dxe4 19. Bxe4 Kf8 20. Bd3 Re8 21. Ne5 b5 22. g4 Qxd4 23. Nf3 Qc5 24. g5 hxg5 25. Rh8+ Ke7 26. Rhh1 g4 27. Nh4 b4 28. Nf5+ Kd8 29. Nxg7 bxc3 30. Nxe8 Nxe8 31. Rh8 cxb2 32. Bc4 Rb8 33. Re4 Kc7 34. Bb3 Qxc2+ 35. Bxc2 Ndf6 36. Re2 Rb4 37. f3 gxf3 38. gxf3 Nd6 39. Ra8 Nb5 40. Re3 Nd5 41. Rb3 Ndc3+ 42. Kxb2 Bxb3 43. axb3 Kb6 44. Rb8+ Kc5 45. Rf8 Rf4 46. Kc1 Rxf3 47. Kd2 Nd4 48. Bd3 Nd5 49. Ra8 Kb6 50. Rb8+ Kc7 51. Ra8 f5 52. Rxa5 Rf2+ 53. Ke1 Rb2 54. Bc4 Ne3 55. Ra7+ Kb6 56. Re7 Nf3# 0-1


[Site "https://www.chess.com"]

[Event "Titled Tuesday Blitz April 11 Early 2023"]
[White "Williams, Simon K"]
[Black "Gabrielian, Artur"]
[WhiteFideId "404454"]
[BlackFideId "4131002"]
[WhiteElo "2468"]
[BlackElo "2432"]
[Result "0-1"]
[Round "09"]
[TimeControl "180+2"]
[Date "2023.04.11"]
[WhiteClock "0:00:14"]
[BlackClock "0:00:50"]

1. d4 Nf6 2. c4 c5 3. d5 e6 4. Nc3 exd5 5. cxd5 d6 6. Nf3 g6 7. Bf4 Bg7 8. Qa4+ Bd7 9. Qb3 b5 10. Bxd6 Qb6 11. Be5 O-O 12. e3 c4 13. Qd1 b4 14. Nb1 Rc8 15. Be2 Bf5 16. O-O Nbd7 17. Bd4 Qa5 18. a3 c3 19. bxc3 bxc3 20. Nxc3 Rxc3 21. Qe1 Ne4 22. Bxg7 Kxg7 23. Nd4 Rc5 24. Qxa5 Rxa5 25. f3 Nc3 26. e4 Ra4 27. Nxf5+ gxf5 28. Bd3 fxe4 29. fxe4 Ne5 30. Bc2 Rd4 31. Rae1 Rd2 32. Rf2 Rxf2 33. Kxf2 Rb8 34. Ke3 f6 35. Bd3 Rb3 36. Kd4 Rxa3 37. Bc2 Nb5+ 38. Kc5 Rc3+ 39. Kxb5 Rxc2 40. Rd1 Kf7 41. d6 Ke8 42. g4 Kd7 43. g5 fxg5 44. Rd5 Ke6 45. Kb4 Rc4+ 46. Kb3 Rxe4 0-1


[Site "https://www.chess.com"]

[Event "Titled Tuesday Blitz April 11 Early 2023"]
[White "Khubukshanov, Erdem"]
[Black "Piesik, Piotr"]
[WhiteFideId "54114527"]
[BlackFideId "1136194"]
[WhiteElo "2420"]
[BlackElo "2299"]
[Result "1-0"]
[Round "09"]
[TimeControl "180+2"]
[Date "2023.04.11"]
[WhiteClock "0:00:37"]
[BlackClock "0:00:54"]

1. Nf3 g6 2. d4 Bg7 3. e4 c6 4. Nc3 d6 5. a4 Nf6 6. Be2 O-O 7. O-O Nbd7 8. e5 Ne8 9. Bf4 dxe5 10. dxe5 Nc7 11. a5 Ne6 12. Bg3 Qc7 13. Re1 Nxe5 14. Bc4 Nxf3+ 15. Qxf3 Qd8 16. Be5 Bxe5 17. Rxe5 Nd4 18. Qd3 Bf5 19. Ne4 Ne6 20. Qg3 Qd4 21. Bxe6 Bxe6 22. c3 Qc4 23. Nc5 Bd5 24. Qe3 b6 25. Nd7 Rfd8 26. Rxe7 Be6 27. Nf6+ Kg7 28. Qe5 Qc5 29. Qxe6 1-0


[Site "https://www.chess.com"]

[Event "Titled Tuesday Blitz April 11 Early 2023"]
[White "Jain Kashish Manoj"]
[Black "Harsh Suresh"]
[WhiteFideId "35081098"]
[BlackFideId "45018464"]
[WhiteElo "2191"]
[BlackElo "2227"]
[Result "1/2-1/2"]
[Round "09"]
[TimeControl "180+2"]
[Date "2023.04.11"]
[WhiteClock "0:00:09"]
[BlackClock "0:00:11"]

1. e4 g6 2. d4 Nf6 3. e5 Nh5 4. Be2 d6 5. exd6 Qxd6 6. Nc3 Nf6 7. Nf3 c6 8. O-O Bg7 9. Bg5 O-O 10. Qd2 Bf5 11. Rfe1 Nbd7 12. Bf4 Qb4 13. Rab1 Nb6 14. a3 Qa5 15. b4 Nc4 16. bxa5 Nxd2 17. Bxd2 Bxc2 18. Rxb7 e6 19. Ne5 Ne4 20. Nxe4 Bxe4 21. Bb4 c5 22. Bf3 Bxf3 23. gxf3 cxb4 24. axb4 Rfb8 25. Rxb8+ Rxb8 26. Nc6 Rb7 27. Rc1 Kf8 28. Rc4 a6 29. Kf1 Bf6 30. Ke2 h5 31. Kd3 h4 32. h3 Kg7 33. f4 Rb5 34. Ne5 g5 35. fxg5 Bxg5 36. Ke4 Be7 37. Nf3 Bxb4 38. Nxh4 Be7 39. Nf3 Rxa5 40. Ne5 Bf6 41. f4 Ra3 42. Nf3 a5 43. Rc7 a4 44. Ra7 Ra1 45. Ne5 Bxe5 46. dxe5 a3 47. Kf3 a2 48. Kg2 Kg6 49. h4 Kh5 50. Ra4 Kxh4 51. f5+ Kg5 52. fxe6 fxe6 53. Ra5 Kf5 54. Kh2 Kg5 55. Kg2 Kf4 56. Kh2 Kf3 57. Ra3+ Ke4 58. Ra5 Kd4 59. Kg2 Kc4 60. Ra8 Kd5 61. Ra5+ Ke4 62. Kh2 Kf3 63. Ra3+ Kf4 64. Ra5 Rd1 65. Rxa2 Kxe5 66. Ra5+ Kf4 67. Kg2 Rd2+ 68. Kf1 e5 69. Ke1 Rh2 70. Ra8 e4 71. Ra3 Rg2 72. Kf1 Rb2 73. Ke1 Rc2 74. Kd1 Rh2 75. Ke1 Rh1+ 76. Ke2 Rb1 77. Rc3 Rb2+ 78. Ke1 Ra2 79. Rb3 Rc2 80. Kd1 Rc7 81. Ke2 Rh7 82. Ra3 Rg7 83. Rb3 Rg2+ 84. Ke1 Rc2 85. Kd1 Rc5 86. Ke2 Rd5 87. Ra3 Rd7 88. Rb3 Ra7 89. Rc3 Ra1 90. Rb3 Ra2+ 91. Ke1 e3 92. Rb8 Kf3 93. Rf8+ Ke4 94. Re8+ Kd3 95. Rd8+ Ke4 96. Re8+ Kd4 97. Rd8+ Kc3 98. Re8 Kd3 99. Rd8+ Ke4 100. Re8+ 1/2-1/2


[Site "https://www.chess.com"]

[Event "Titled Tuesday Blitz April 11 Early 2023"]
[White "Arias, Juan Cruz"]
[Black "Cherniaiev, Tykhon"]
[WhiteFideId "118540"]
[BlackFideId "14182360"]
[WhiteElo "2243"]
[BlackElo "2450"]
[Result "0-1"]
[Round "09"]
[TimeControl "180+2"]
[Date "2023.04.11"]
[WhiteClock "0:00:21"]
[BlackClock "0:00:13"]

1. d4 Nf6 2. Nf3 e6 3. e3 c5 4. Bd3 Nc6 5. O-O Qc7 6. c4 d5 7. Nc3 a6 8. a3 cxd4 9. exd4 dxc4 10. Bxc4 Be7 11. Bg5 b5 12. Ba2 O-O 13. Rc1 Bb7 14. d5 exd5 15. Bxf6 Bxf6 16. Nxd5 Qd6 17. b4 Rad8 18. Qb3 Nd4 19. Nxf6+ Qxf6 20. Nxd4 Rxd4 21. Rcd1 Bd5 22. Qb1 Bxg2 23. Rxd4 Bxf1 24. Rg4 Be2 25. Rg3 Rd8 26. Bb3 g6 27. Qe4 Qa1+ 28. Kg2 Qf1# 0-1


[Site "https://www.chess.com"]

[Event "Titled Tuesday Blitz April 11 Early 2023"]
[White "Vakhidov, Shahzod"]
[Black "Liyanage, Ranindu Dilshan"]
[WhiteFideId "14205270"]
[BlackFideId "9915834"]
[WhiteElo "2212"]
[BlackElo "2199"]
[Result "1-0"]
[Round "09"]
[TimeControl "180+2"]
[Date "2023.04.11"]
[WhiteClock "0:01:28"]
[BlackClock "0:02:15"]

1. d4 d5 2. Nf3 Nf6 3. g3 e6 4. Bg2 Be7 5. O-O O-O 6. c4 dxc4 7. Qc2 a6 8. a4 Nc6 9. Qxc4 Na5 10. Qc2 b6 11. Ne5 Bb7 12. Bxb7 Nxb7 13. Nc6 Qe8 14. Bg5 h6 15. Nxe7+ Qxe7 16. Bxf6 Qxf6 17. Qxc7 Na5 18. e3 Rfc8 19. Qxb6 Nc4 20. Qb7 Rab8 21. Qxa6 Rxb2 22. Qxc8+ Kh7 23. Qxc4 Qf3 24. Qc3 Qe2 25. Na3 1-0


[Site "https://www.chess.com"]

[Event "Titled Tuesday Blitz April 11 Early 2023"]
[White "Averjanov, Alexey"]
[Black "Kumala, Aleksander"]
[WhiteFideId "14109867"]
[BlackFideId "1141880"]
[WhiteElo "2730"]
[BlackElo "2269"]
[Result "1/2-1/2"]
[Round "09"]
[TimeControl "180+2"]
[Date "2023.04.11"]
[WhiteClock "0:01:04"]
[BlackClock "0:00:28"]

1. d4 Nf6 2. c4 Nc6 3. Nf3 e6 4. g3 Bb4+ 5. Nbd2 d6 6. Bg2 Qe7 7. O-O Bxd2 8. Qxd2 e5 9. b3 O-O 10. Bb2 exd4 11. Nxd4 Bd7 12. e3 Ne4 13. Qc2 Rfe8 14. a3 Nxd4 15. Bxd4 Bf5 16. Qb2 f6 17. f3 Nc5 18. e4 Be6 19. Rad1 a5 20. Rfe1 Qf7 21. Bf1 Qh5 22. Re3 b6 23. Qc2 Rad8 24. Ba1 Qh6 25. Ree1 Qh5 26. Bg2 Qf7 27. b4 axb4 28. axb4 Nd7 29. Bf1 Ra8 30. Bd4 Ne5 31. Bxe5 fxe5 32. Be2 Rf8 33. Ra1 Qg6 34. Qb2 Qg5 35. Qc3 h5 36. Rxa8 Rxa8 37. Kf2 h4 38. Ra1 Rxa1 39. Qxa1 Qd2 40. Qa8+ Kf7 41. Qd8 Qd4+ 42. Kg2 h3+ 43. Kf1 Qa1+ 44. Kf2 Qd4+ 45. Kf1 Qa1+ 46. Kf2 Qd4+ 47. Kf1 1/2-1/2


[Site "https://www.chess.com"]

[Event "Titled Tuesday Blitz April 11 Early 2023"]
[White "Csonka, Balazs"]
[Black "Shevtchenko, Olesya"]
[WhiteFideId "742910"]
[BlackFideId "24131890"]
[WhiteElo "2404"]
[BlackElo "2003"]
[Result "1-0"]
[Round "09"]
[TimeControl "180+2"]
[Date "2023.04.11"]
[WhiteClock "0:00:33"]
[BlackClock "0:00:07"]

1. d4 Nf6 2. c4 e6 3. Nf3 d5 4. a3 Be7 5. Nc3 O-O 6. Bf4 Nbd7 7. Nb5 Ne8 8. e3 a6 9. Nc3 Bd6 10. Bxd6 Nxd6 11. cxd5 exd5 12. Nxd5 b5 13. b4 Bb7 14. Nc3 a5 15. Be2 axb4 16. axb4 Rxa1 17. Qxa1 Nf6 18. O-O Nfe4 19. Nxb5 Nxb5 20. Bxb5 Ng5 21. Ne1 Qd5 22. Be2 Ra8 23. Qc1 Ra2 24. Qxc7 h5 25. Bf3 Nxf3+ 26. Nxf3 h4 27. Nxh4 Qe4 28. Nf3 Rc2 29. Qd8+ Kh7 30. Ng5+ 1-0


[Site "https://www.chess.com"]

[Event "Titled Tuesday Blitz April 11 Early 2023"]
[White "Odegov, Artem"]
[Black "Korchmar, Vasiliy"]
[WhiteFideId "34183644"]
[BlackFideId "24131750"]
[WhiteElo "2300"]
[BlackElo "2370"]
[Result "1-0"]
[Round "09"]
[TimeControl "180+2"]
[Date "2023.04.11"]
[WhiteClock "0:00:07"]
[BlackClock "0:00:03"]

1. d4 d5 2. c4 c6 3. Nc3 Nf6 4. Nf3 e6 5. Bg5 Be7 6. e3 O-O 7. Qc2 Nbd7 8. Rd1 h6 9. h4 dxc4 10. Bxc4 b5 11. Bd3 b4 12. Ne2 Qa5 13. b3 c5 14. Bf4 Ba6 15. O-O Rac8 16. Bxa6 Qxa6 17. Qb2 Nd5 18. Bg3 Bf6 19. Rc1 cxd4 20. Nexd4 Nc5 21. Qe2 Qxe2 22. Nxe2 Ne4 23. Be5 Bxe5 24. Nxe5 Ndc3 25. Nxc3 Nxc3 26. Rc2 Rfd8 27. Nc4 Rd5 28. a3 Ne4 29. axb4 Rb5 30. Na3 Rxc2 31. Nxc2 Rd5 32. Nd4 e5 33. Nc6 Rb5 34. Rc1 f6 35. Rc4 Nd6 36. Rc5 Rb7 37. f3 Nf5 38. e4 Nxh4 39. Ra5 Rd7 40. Rd5 Rb7 41. Ra5 Rd7 42. Rd5 Rc7 43. b5 Ng6 44. Rd8+ Kh7 45. Ra8 Rd7 46. Rxa7 Rd3 47. b6 Rxb3 48. b7 Rb1+ 49. Kf2 Nf4 50. b8=Q 1-0


[Site "https://www.chess.com"]

[Event "Titled Tuesday Blitz April 11 Early 2023"]
[White "Nazari, Arad"]
[Black "Budrewicz, Krzysztof"]
[WhiteFideId "12577324"]
[BlackFideId "1127950"]
[WhiteElo "2242"]
[BlackElo "2230"]
[Result "0-1"]
[Round "09"]
[TimeControl "180+2"]
[Date "2023.04.11"]
[WhiteClock "0:00:03"]
[BlackClock "0:00:31"]

1. e4 g6 2. d4 Bg7 3. Nc3 d6 4. f4 a6 5. Nf3 b5 6. Bd3 Bb7 7. a4 b4 8. Ne2 Nd7 9. O-O c5 10. c3 Ngf6 11. e5 Ne4 12. Qe1 bxc3 13. bxc3 O-O 14. Qh4 e6 15. Qxd8 Rfxd8 16. Rb1 Bc6 17. Be3 dxe5 18. fxe5 cxd4 19. cxd4 Ndc5 20. Rfc1 Bxa4 21. Bc4 Nd7 22. Ra1 Bb5 23. Bxb5 axb5 24. Rab1 Rab8 25. Rc7 b4 26. Rb3 h6 27. Ne1 Bf8 28. Nd3 Nb6 29. Nc5 Nxc5 30. dxc5 Nd5 31. Rc6 Nxe3 32. Rxe3 b3 33. Nc3 b2 34. Re1 Rb3 35. Nb1 Rd5 36. Kf1 Rxc5 37. Rxc5 Bxc5 38. Re2 Bd4 39. Re4 Rc3 40. Rxd4 Rc1+ 41. Kf2 Rxb1 42. Rb4 Rh1 43. Rxb2 Rxh2 44. Kg3 Rh1 45. Kf4 Rf1+ 46. Kg4 Kg7 47. g3 Re1 48. Kf4 g5+ 49. Kg4 Rxe5 50. Rb7 Re4+ 51. Kh5 Re1 52. Ra7 Rh1+ 53. Kg4 Kg6 54. Ra6 h5+ 55. Kf3 Rb1 56. Ra5 Rb3+ 57. Kg2 Rb4 58. Kh3 h4 59. gxh4 Rxh4+ 60. Kg3 Rb4 61. Ra8 f5 62. Rf8 Rb3+ 63. Kg2 f4 0-1


[Site "https://www.chess.com"]

[Event "Titled Tuesday Blitz April 11 Early 2023"]
[White "Kosteniuk, Alexandra"]
[Black "Grot, Blazej"]
[WhiteFideId "4128125"]
[BlackFideId "21835845"]
[WhiteElo "2453"]
[BlackElo "1823"]
[Result "1/2-1/2"]
[Round "09"]
[TimeControl "180+2"]
[Date "2023.04.11"]
[WhiteClock "0:01:00"]
[BlackClock "0:01:42"]

1. f4 d6 2. Nf3 Nd7 3. e4 e5 4. Bc4 Ngf6 5. O-O c6 6. d4 exd4 7. e5 dxe5 8. fxe5 Nd5 9. Bxd5 cxd5 10. e6 fxe6 11. Nxd4 Nf6 12. Bg5 Bc5 13. Bxf6 gxf6 14. Qh5+ Kf8 15. c3 Rg8 16. Qh6+ Rg7 17. Rxf6+ Kg8 18. Nd2 e5 19. Nb3 Be7 1/2-1/2


[Site "https://www.chess.com"]

[Event "Titled Tuesday Blitz April 11 Early 2023"]
[White "Shuvalov, Evgenij"]
[Black "HSH1987"]
[WhiteFideId "4187237"]
[WhiteElo "2080"]
[BlackElo "2690"]
[Result "0-1"]
[Round "09"]
[TimeControl "180+2"]
[Date "2023.04.11"]
[WhiteClock "0:00:16"]
[BlackClock "0:00:34"]

1. d4 d5 2. c4 e6 3. Nc3 Nf6 4. cxd5 exd5 5. Bg5 c6 6. e3 Be7 7. Bd3 h6 8. Bh4 O-O 9. Nge2 Ne8 10. Bg3 Nd7 11. O-O Ndf6 12. f3 c5 13. Kh1 a6 14. Rc1 b5 15. dxc5 Bxc5 16. Nd4 Qb6 17. Nce2 Nd6 18. b3 Re8 19. b4 Bxd4 20. exd4 Nc4 21. Re1 Bd7 22. Bb1 Re7 23. Be5 Nxe5 24. dxe5 Rxe5 25. Nf4 Rxe1+ 26. Qxe1 Re8 27. Qd1 Qe3 28. Nd3 Bf5 29. Nc5 Bxb1 30. Rxb1 d4 31. h3 Nd5 32. Qd3 Nc3 33. Ra1 Qxd3 34. Nxd3 Re3 35. Nc5 d3 36. Nb3 Re2 37. Rc1 Nxa2 38. Rc8+ Kh7 39. Rd8 Nxb4 40. Rd4 Rb2 41. Rxb4 d2 42. Rd4 Rb1+ 43. Kh2 d1=Q 44. Rxd1 Rxd1 45. Kg3 Rb1 46. Nc5 a5 0-1


[Site "https://www.chess.com"]

[Event "Titled Tuesday Blitz April 11 Early 2023"]
[White "Zhu, Jiner"]
[Black "Leyva Rivera, Yunier"]
[WhiteFideId "8608059"]
[BlackFideId "3505065"]
[WhiteElo "2384"]
[BlackElo "2430"]
[Result "1-0"]
[Round "09"]
[TimeControl "180+2"]
[Date "2023.04.11"]
[WhiteClock "0:00:15"]
[BlackClock "0:00:08"]

1. e4 c5 2. Nf3 d6 3. d4 cxd4 4. Nxd4 Nf6 5. Nc3 Nc6 6. Bg5 e6 7. Qd2 a6 8. f3 Bd7 9. O-O-O Be7 10. h4 h6 11. Nxc6 Bxc6 12. Be3 d5 13. e5 Nd7 14. f4 h5 15. Kb1 g6 16. g3 d4 17. Qxd4 Bxh1 18. Ne4 Bxe4 19. Qxe4 Qc7 20. Bg2 Nc5 21. Qf3 Rd8 22. Rc1 b5 23. Bf2 b4 24. Qe2 Kf8 25. g4 hxg4 26. Qxg4 Rd2 27. Be1 Rd4 28. Bf2 Rc4 29. Bf1 Ne4 30. Bxc4 Qxc4 31. Be1 Kg7 32. Rd1 Rc8 33. Rc1 Rh8 34. Rd1 a5 35. Rd7 Rc8 36. Qd1 Rc7 37. Rd4 Qc6 38. h5 g5 39. Qe2 Nc5 40. fxg5 Qh1 41. h6+ Kh7 42. Rd1 Bxg5 43. Bd2 Qe4 44. Qh2 Bxd2 45. Qxd2 Nd7 46. Rg1 Nxe5 47. Rg7+ 1-0


[Site "https://www.chess.com"]

[Event "Titled Tuesday Blitz April 11 Early 2023"]
[White "Maxfan2008"]
[Black "Dronavalli, Harika"]
[BlackFideId "5015197"]
[WhiteElo "2502"]
[BlackElo "2432"]
[Result "1-0"]
[Round "09"]
[TimeControl "180+2"]
[Date "2023.04.11"]
[WhiteClock "0:00:38"]
[BlackClock "0:00:01"]

1. d4 g6 2. c4 c5 3. Nf3 Bg7 4. g3 cxd4 5. Nxd4 Nc6 6. Nc2 Nf6 7. Bg2 O-O 8. O-O d6 9. Nc3 Be6 10. b3 Rc8 11. e4 a6 12. h3 Qd7 13. Kh2 Ng4+ 14. hxg4 Bxc3 15. Bh6 Bxg4 16. f3 Be6 17. Bxf8 Rxf8 18. Rb1 h5 19. Ne3 Bf6 20. Nd5 Bxd5 21. cxd5 Ne5 22. Bh3 Qb5 23. f4 Ng4+ 24. Bxg4 hxg4 25. Qxg4 Kg7 26. Kg2 Qb4 27. Qf3 Bd4 28. Rbd1 Rc8 29. Qd3 Bf6 30. Rc1 Rc5 31. Rxc5 Qxc5 32. Rf2 b5 33. Re2 Bc3 34. e5 b4 35. e6 f5 36. Qc4 Qxc4 37. bxc4 a5 38. c5 Bd4 39. cxd6 Kf6 40. dxe7 Kxe7 41. d6+ Ke8 42. e7 Bc5 43. d7+ 1-0


[Site "https://www.chess.com"]

[Event "Titled Tuesday Blitz April 11 Early 2023"]
[White "Jumanov, Elbek"]
[Black "Aldokhin, Ivan"]
[WhiteFideId "14202905"]
[BlackFideId "24115720"]
[WhiteElo "2055"]
[BlackElo "2322"]
[Result "1-0"]
[Round "09"]
[TimeControl "180+2"]
[Date "2023.04.11"]
[WhiteClock "0:01:02"]
[BlackClock "0:00:29"]

1. c4 Nf6 2. Nf3 g6 3. Nc3 Bg7 4. g3 d6 5. Bg2 O-O 6. O-O Nc6 7. Rb1 a5 8. a3 e5 9. d3 Qe7 10. Bg5 h6 11. Nd5 Qd8 12. Nxf6+ Bxf6 13. Bxh6 Bg7 14. Bg5 f6 15. Bd2 f5 16. b4 axb4 17. axb4 Bf6 18. b5 Ne7 19. h4 f4 20. e4 fxe3 21. Bxe3 Bg4 22. Qd2 Bg7 23. Ng5 Qc8 24. f3 Bd7 25. f4 Nf5 26. Bd5+ Kh8 27. h5 Nxg3 28. hxg6 Nxf1 29. Rxf1 Bh6 30. Qh2 Kg7 31. f5 Rh8 32. f6+ Kxg6 33. Bf7# 1-0


[Site "https://www.chess.com"]

[Event "Titled Tuesday Blitz April 11 Early 2023"]
[White "Gonzalez, Francisco Silva"]
[Black "EREBUNI91"]
[WhiteFideId "1512285"]
[WhiteElo "2074"]
[BlackElo "2671"]
[Result "0-1"]
[Round "09"]
[TimeControl "180+2"]
[Date "2023.04.11"]
[WhiteClock "0:00:57"]
[BlackClock "0:00:36"]

1. d4 Nf6 2. c4 e6 3. Nc3 Bb4 4. a3 Bxc3+ 5. bxc3 b6 6. e3 Nc6 7. Bd3 Ba6 8. e4 d6 9. Qa4 Bb7 10. d5 Qd7 11. dxc6 Bxc6 12. Qc2 O-O 13. Nf3 e5 14. h3 Nh5 15. Kf1 f5 16. exf5 Bxf3 17. gxf3 Qe7 18. h4 Rf6 19. Bg5 Raf8 20. Be4 h6 21. Bxf6 Qxf6 22. a4 Nf4 23. a5 Kh8 24. axb6 axb6 25. Ra7 Qf7 26. Qb3 Qe7 27. Qb5 d5 28. cxd5 Qd6 29. Qb4 Qf6 30. Rxc7 Ra8 31. Qb2 b5 32. d6 Qxd6 33. Qc1 Qxc7 34. Bxa8 Qc4+ 35. Kg1 Ne2+ 36. Kh2 Nxc1 37. Rd1 Qxh4+ 38. Kg2 Ne2 39. Be4 Nf4+ 40. Kg1 Nh3+ 41. Kg2 Nxf2 42. Rd8+ Qxd8 43. Kxf2 Qd2+ 44. Kg3 Qxc3 45. f6 gxf6 46. Kg4 b4 47. Kf5 b3 48. Kxf6 b2 49. Kg6 Qd4 50. Bf5 Qf4 51. Bb1 Qg5+ 52. Kf7 Qf4+ 53. Kg6 Qxf3 54. Kxh6 Qf4+ 55. Kg6 e4 56. Bd3 e3 57. Kh5 e2 58. Bf5 e1=Q 59. Kg6 Qeh4 60. Kf7 Qxf5+ 61. Ke8 Qe6+ 62. Kf8 Qhf6# 0-1


[Site "https://www.chess.com"]

[Event "Titled Tuesday Blitz April 11 Early 2023"]
[White "Petrov, Martin"]
[Black "ArtemDyachuk"]
[WhiteFideId "2911086"]
[WhiteElo "2430"]
[BlackElo "2428"]
[Result "1-0"]
[Round "09"]
[TimeControl "180+2"]
[Date "2023.04.11"]
[WhiteClock "0:00:24"]
[BlackClock "0:00:01"]

1. d4 Nf6 2. c4 c5 3. d5 e6 4. Nc3 exd5 5. cxd5 d6 6. e4 g6 7. f4 Bg7 8. Bb5+ Nfd7 9. a4 O-O 10. Nf3 Re8 11. O-O Na6 12. Re1 Nb4 13. Be3 a6 14. Bf1 Nf6 15. Bf2 Ng4 16. Bh4 Qb6 17. a5 Qa7 18. Na4 c4+ 19. Nb6 Bd7 20. Bxc4 Rac8 21. Qb3 Nc2 22. Qxc2 Bb5 23. b3 Bxa1 24. Rxa1 Rc5 25. Kh1 Bxc4 26. bxc4 f5 27. exf5 Ne3 28. Qd3 Nxc4 29. Nxc4 Rec8 30. Nfd2 1-0


[Site "https://www.chess.com"]

[Event "Titled Tuesday Blitz April 11 Early 2023"]
[White "Van Foreest, Machteld"]
[Black "Zarubitski, Viachaslau"]
[WhiteFideId "1051563"]
[BlackFideId "13509373"]
[WhiteElo "2018"]
[BlackElo "2284"]
[Result "0-1"]
[Round "09"]
[TimeControl "180+2"]
[Date "2023.04.11"]
[WhiteClock "0:02:08"]
[BlackClock "0:00:28"]

1. e4 e5 2. Nf3 Nf6 3. Nxe5 d6 4. Nf3 Nxe4 5. d3 Nf6 6. d4 d5 7. Bd3 Bd6 8. O-O O-O 9. Bg5 h6 10. Bh4 Re8 11. Re1 Rxe1+ 12. Qxe1 Nc6 13. Nc3 Be6 14. Qe3 Be7 15. Re1 Ng4 16. Bxe7 Qxe7 17. Qf4 Qf6 18. Qxc7 Nxd4 19. Qxb7 Rd8 20. Nxd4 Qxf2+ 0-1


[Site "https://www.chess.com"]

[Event "Titled Tuesday Blitz April 11 Early 2023"]
[White "Liew, Chee-Meng Jimmy"]
[Black "Belozerov, Andrei"]
[WhiteFideId "5700019"]
[BlackFideId "4120213"]
[WhiteElo "2245"]
[BlackElo "2373"]
[Result "0-1"]
[Round "09"]
[TimeControl "180+2"]
[Date "2023.04.11"]
[WhiteClock "0:00:20"]
[BlackClock "0:00:25"]

1. d4 d5 2. Nc3 Nf6 3. Bg5 c5 4. Bxf6 gxf6 5. e4 dxe4 6. dxc5 f5 7. Qxd8+ Kxd8 8. O-O-O+ Bd7 9. Bb5 Rg8 10. g3 a6 11. Bxd7 Nxd7 12. Na4 Kc7 13. Rxd7+ Kxd7 14. Nb6+ Kc6 15. Nxa8 Bh6+ 16. Kb1 Rxa8 17. Ne2 Rd8 18. c3 Kxc5 19. Nd4 e6 20. Rd1 Rd5 21. Kc2 Bg7 22. Nb3+ Kc6 23. Rf1 h5 24. f3 exf3 25. Rxf3 b5 26. h3 Rd7 27. Rf4 Be5 28. Rf3 f6 29. Nd2 Rg7 30. Nf1 a5 31. Kd3 a4 32. a3 Kd5 33. Ke2 Rg8 34. Rd3+ Kc6 35. Kf2 h4 36. gxh4 Rh8 37. Nd2 Rxh4 38. Nf3 Rh5 39. Re3 Kd5 40. Rd3+ Kc5 41. Re3 f4 42. Re2 Kc4 43. h4 Kd5 44. Rd2+ Ke4 45. Re2+ Kf5 46. Rd2 Rh7 47. Rd8 Rg7 48. Rh8 Rg3 49. Rh5+ Ke4 50. Rh8 Rxf3+ 51. Kg2 Rd3 52. h5 f3+ 53. Kf2 Rd2+ 54. Kf1 Bg3 55. Rd8 Rxd8 0-1


[Site "https://www.chess.com"]

[Event "Titled Tuesday Blitz April 11 Early 2023"]
[White "Arat, Ufuk Sezen"]
[Black "Itgelt, Khuyagtsogt"]
[WhiteFideId "6309089"]
[BlackFideId "4902912"]
[WhiteElo "2289"]
[BlackElo "2227"]
[Result "0-1"]
[Round "09"]
[TimeControl "180+2"]
[Date "2023.04.11"]
[WhiteClock "0:00:02"]
[BlackClock "0:00:27"]

1. e4 d6 2. d4 Nf6 3. Nc3 c6 4. f4 Qa5 5. Bd3 e5 6. fxe5 dxe5 7. dxe5 Ng4 8. Nf3 Nxe5 9. Nxe5 Qxe5 10. O-O Be6 11. Bf4 Qc5+ 12. Kh1 Nd7 13. Qe2 Be7 14. e5 Qb4 15. a3 Qxb2 16. Ne4 Nxe5 17. Rab1 Qd4 18. Rxb7 Nxd3 19. cxd3 h6 20. Be3 Qd5 21. Qb2 Qxd3 22. Rxe7+ Kxe7 23. Qb7+ Bd7 24. Re1 Rhb8 25. Bc5+ Kd8 26. Be7+ Kxe7 27. Nc5+ Kd8 28. Qxb8+ Rxb8 29. Nxd3 Be6 30. Nc5 Bd5 31. h3 Rb2 32. Rd1 Kc7 33. Na6+ Kb6 34. Nb4 Bxg2+ 35. Kg1 Be4 36. Rd7 a5 37. Rd8 axb4 38. axb4 Rxb4 0-1


[Site "https://www.chess.com"]

[Event "Titled Tuesday Blitz April 11 Early 2023"]
[White "Demchenko, Anton"]
[Black "Ambartsumova, Karina"]
[WhiteFideId "4160258"]
[BlackFideId "4166299"]
[WhiteElo "2545"]
[BlackElo "2240"]
[Result "1-0"]
[Round "09"]
[TimeControl "180+2"]
[Date "2023.04.11"]
[WhiteClock "0:00:13"]
[BlackClock "0:00:03"]

1. e4 e5 2. Nf3 Nc6 3. Bc4 Nf6 4. d3 h6 5. c3 d6 6. a4 g5 7. a5 a6 8. Qb3 Qe7 9. Nbd2 Bg7 10. Nf1 O-O 11. Ng3 Nd8 12. O-O c6 13. d4 Nxe4 14. Nxe4 d5 15. Bxd5 cxd5 16. Qxd5 Be6 17. Qc5 Qxc5 18. Nxc5 exd4 19. Nxd4 Bxd4 20. cxd4 Bc4 21. Rd1 Re8 22. Be3 Rc8 23. Nd7 Rc6 24. d5 Rg6 25. Nb6 Bb5 26. Rac1 f5 27. Rc8 Nf7 28. Rxe8+ Bxe8 29. Bc5 Nd6 30. f3 Bf7 31. b4 f4 32. Kf2 h5 33. Re1 g4 34. Re7 g3+ 35. Kg1 Nf5 36. Rxb7 gxh2+ 37. Kxh2 Nh4 38. Rb8+ Kh7 39. Bd4 1-0


[Site "https://www.chess.com"]